 Dungeon Crawl Stone Soup version 0.31-a0-971-g75a2e9a4b4 (webtiles) character file.

Game seed: 15853865776150161522

26 Azuregosa the Sneak (level 3, -2/26 HPs)
             Began as an Octopode Delver on Oct 28, 2023.
             Slain by a gnoll
             ... wielding a +0 flail of holy wrath
              (9 damage)
             ... on level 2 of the Dungeon.
             The game lasted 00:05:59 (721 turns).

Azuregosa the Sneak (Octopode Delver)                Turns: 721, Time: 00:05:59

Health: -2/26      AC:  1    Str: 11    XL:     3   Next: 8%
Magic:  3/3        EV:  7    Int: 12    God:
Gold:   59         SH: 11    Dex: 15    Spells: 2/2 levels left

rFire   . . .        a - +0 falchion
rCold   . . .        o - +0 tower shield
rNeg    . . .        (helmet restricted)
rPois   .            (no amulet)
rElec   .            n - ring of resist corrosion
rCorr   +            (no ring)
SInv    .            (no ring)
Will    .....        (no ring)
Stlth   ++++         (no ring)
HPRegen 0.24/turn    (no ring)
MPRegen 0.08/turn    (no ring)
                     (no ring)

%: no passive effects
@: no status effects
A: almost no armour, amphibious, 8 rings, camouflage 1, gelatinous body 1,
(nimble swimmer 1), tentacles
a: no special abilities


You were on level 2 of the Dungeon.
You visited 1 branch of the dungeon, and saw 6 of its levels.

You collected 59 gold pieces.

Inventory:

Hand Weapons
 a - a +0 falchion (weapon)
 g - a +1 dagger of distortion
Missiles
 h - 19 stones
Armour
 o - a +0 tower shield (worn)
Jewellery
 n - a ring of resist corrosion (left tentacle)
Wands
 f - a wand of digging (3)
Scrolls
 b - a scroll of fog
 d - a scroll of fear
 j - a scroll of butterflies {unknown}
 k - a scroll of revelation
Potions
 c - 2 potions of heal wounds {unknown}
 e - a potion of haste
 i - a potion of curing {unknown}
 l - a potion of magic {unknown}
 m - 2 potions of mutation {unknown}


   Skills:
 + Level 3.3 Fighting
 + Level 3.1 Long Blades
 - Level 2.0 Dodging
 - Level 6.6 Stealth


You had 2 spell levels left.
You didn't know any spells.
Your spell library contained the following spells:

 Spells                   Type           Power      Damage    Failure   Level
 Ignite Poison            Fire/Tmut/Pois 0%         N/A       100%        3
 Sticky Flame             Conj/Fire      0%         2d3       100%        4
 Ignition                 Fire           0%         3d3       100%        8


Dungeon Overview and Level Annotations

Branches:
Dungeon (6/15)
 Temple: D:4-7

Altars:

Shops:
D:3 =


Innate Abilities, Weirdness & Mutations

You cannot wear most types of armour.
You are amphibious.
You can wear up to eight rings at the same time.
Your skin changes colour to match your surroundings (Stealth+).
Your rubbery body absorbs attacks. (AC +1, EV +1)
((You are camouflaged when in or above water. (Stealth+)))
You have tentacles for arms and can constrict up to eight enemies at once.


Message History

The kobold hits you with a +0 club.
You slash the kobold!
You kill the kobold!
HP restored.
Found a quarterstaff.
You see here a +0 quarterstaff.
A gnoll comes into view. It is wielding a +0 sling.
The gnoll moves out of view. 2 gnolls come into view.
A gnoll is wielding a +1 whip of electrocution.
A gnoll is wielding a +0 flail of holy wrath.
A gnoll comes into view. It is wielding a +0 trident.
Found a whip.
The gnoll shouts!
The gnoll shouts! x2
You hit the gnoll but do no damage. Your grab misses the gnoll.
You squeeze the gnoll!
The gnoll is severely wounded.
A ball python comes into view.
You block the gnoll's attack.
You closely miss the gnoll.
The ball python hisses angrily.
You grab the gnoll. You squeeze the gnoll.
You kill the gnoll!
The gnoll hits you from afar with a +0 trident.
A kobold comes into view. It is wielding a +0 short sword.
The gnoll hits you from afar with a +0 trident!
Your Long Blades skill increases to level 3!
You have reached level 3!
Your experience leads to an increase in your attributes!
Increase (S)trength, (I)ntelligence, or (D)exterity?
You feel agile. x2
The gnoll attacks as it pursues you!
The gnoll hits you with a +0 flail of holy wrath.
The gnoll attacks as it pursues you!
The gnoll hits you with a +0 flail of holy wrath.
* * * LOW HITPOINT WARNING * * *
The gnoll attacks as it pursues you! You block the gnoll's attack.
The gnoll attacks as it pursues you!
The gnoll hits you with a +0 flail of holy wrath!
You die...

.## ### ..## #..
... ##### #.# ).###
##...## #.# ....
##.....## #.# ..#
#....<..###.####).#
#.....@g.gSg......#
#....)..###.####.##
##.....####.####.##
##...## #........g
##.## #.......S.
#.# #.#####...#
#.#####.####...#.
#.#..........#K...
#.#.##..####...


You could see 3 gnolls and a ball python.

Vanquished Creatures
  A gnoll (D:2)
  A dart slug (D:1)
  2 endoplasms
  3 goblins
  A hobgoblin (D:1)
  3 kobolds
  A ball python (D:1)
  A bat (D:1)
  2 rats (D:1)
15 creatures vanquished.

Notes
Turn   | Place    | Note
-------+----------+-------------------------------------------
     0 | D:5      | Azuregosa the Octopode Delver began the quest for the Orb.
     0 | D:5      | Reached XP level 1. HP: 16/16 MP: 1/1
    71 | D:3      | Found Jaasown's Jewellery Emporium.
   295 | D:1      | Reached XP level 2. HP: 19/21 MP: 2/2
   713 | D:2      | Reached XP level 3. HP: 13/26 MP: 3/3
   721 | D:2      | Slain by a gnoll

Illustrated notes

Levels and vault maps discovered:
D:1:      amcnicky_arrival_underground_garden, layout_rooms, minivault_11,
          minmay_misc_feat_alley
D:2:      layout_loops_ring, basic_ecumenical_altar, serial_shops,
          nicolae_shop_rolling_square, chequers_serial_rivers_micro_c
D:3:      layout_basic, mainiacjoe_overflow_swirl, serial_shops,
          nicolae_shop_gaudy_bauble, uniq_sigmund
D:4:      layout_cave_pools, corexii_checkpoint, saegor_snake_ambush,
          uniq_menkaure, uniq_edmund
D:5:      nicolae_cairo_tiling, layout_loops_corners, minmay_checkerbox
D:6:      layout_basic, dreamdust_princess_bridge

Skill      XL: |  1  2 |
---------------+-------+-----
Long Blades    | 3 |  3.1
Fighting       | |  3.3
Dodging        | |  2.0
Stealth        | |  6.6

Action                     || total
---------------------------++-------
  Melee: Falchion          ||    25
         Constrict         ||     8
         Tentacles         ||     6
         Punch             ||     1
    Use: Scroll            ||     1
   Stab: Sleeping          ||     4
 Armour: Skin              ||    11
  Dodge: Dodged            ||     9
  Block: Tower shield      ||     7

Table legend: (Time is in decaauts)
 A = Elapsed time spent in this place.
 B = Non-inter-level travel time spent in this place.
 C = Inter-level travel time spent in this place.
 D = Time resting spent in this place.
 E = Time spent auto-exploring this place.
 F = Levels seen in this place.
 G = Mean time per level.
                   A        B        C        D        E       F      G
               +--------+--------+--------+--------+--------+-----+--------+
         Total |    731 |    731 |      0 |    100 |    364 |   6 |  121.8 |
       Dungeon |    731 |    731 |      0 |    100 |    364 |   6 |  121.8 |
               +--------+--------+--------+--------+--------+-----+--------+

Top non-repeatable levels by time:
     D:1: 447 daAuts
     D:2: 202 daAuts
     D:3: 46 daAuts
     D:4: 20 daAuts
     D:5: 13 daAuts
     D:6: 1 daAuts
